 Dungeon Crawl Stone Soup version 0.28.0-45-g0d030f2227 (webtiles) character file.

Game seed: 7618346652258451760

1232 bnorton916 the Chiller (level 8, -8/52 HPs)
             Began as a Barachi Ice Elementalist on Apr 2, 2022.
             Was a Follower of Cheibriados.
             Killed from afar by a steam dragon (18 damage)
             ... with a ball of steam
             ... on level 6 of the Dungeon.
             The game lasted 00:16:37 (7720 turns).

bnorton916 the Chiller (Barachi Ice Elementalist)   Turns: 7720, Time: 00:16:37

Health: -8/52      AC:  5    Str: 12    XL:     8   Next: 48%
Magic:  13/13      EV: 13    Int: 19    God:    Cheibriados [*.....]
Gold:   237        SH:  0    Dex: 15    Spells: 2/14 levels left

rFire   . . .      SeeInvis .   g - +1 long sword (vorpal)
rCold   . . .      Faith    .   (no shield)
rNeg    . . .      Spirit   .   a - +0 robe
rPois   .          Reflect  +   y - +0 helmet
rElec   .          Harm     .   b - +1 cloak
rCorr   .          Rampage  .   (no gloves)
Will    .....                   (no boots)
Stlth   +.........              c - amulet of reflection
HPRegen 0.17/turn               (no ring)
MPRegen 0.13/turn               (no ring)

@: confused, ambrosia-drunk, freezing walls, flying, very slow
A: amphibious, slowness 1, strong legs 1, +LOS
a: Hop, Renounce Religion, Bend Time


You were on level 6 of the Dungeon.
You worshipped Cheibriados.
Cheibriados was aware of your devotion.
You visited 2 branches of the dungeon, and saw 7 of its levels.
You also visited: Sewer.

You collected 270 gold pieces.
You spent 33 gold pieces at shops.

Inventory:

Hand Weapons
 g - a +1 vorpal long sword (weapon)
 x - a +3 short sword
Missiles
 e - 117 stones
 k - 27 poisoned darts (quivered)
 v - 2 curare-tipped darts
Armour
 a - a +0 robe (worn)
 b - a +1 cloak (worn)
 w - a +2 scale mail of willpower
 y - a +0 helmet (worn)
Jewellery
 c - an amulet of reflection (around neck)
 n - a ring of flight
 s - a ring of wizardry
Scrolls
 d - a scroll of fear
 i - a scroll of immolation
 o - a scroll of magic mapping
 p - 3 scrolls of teleportation
Potions
 h - a potion of ambrosia
 j - a potion of magic {unknown}
 l - 3 potions of attraction
 m - a potion of lignification {unknown}
 r - a potion of curing {unknown}
 t - a potion of brilliance {unknown}
 u - a potion of mutation {unknown}
 z - a potion of cancellation {unknown}


   Skills:
 + Level 2.1 Armour
 + Level 3.0 Dodging
 - Level 1.7 Stealth
 - Level 3.9 Spellcasting
 + Level 6.2 Conjurations
 + Level 6.2 Fire Magic
 - Level 6.2 Ice Magic


You had 2 spell levels left.
You knew the following spells:

 Your Spells              Type           Power      Damage    Failure   Level
a - Freeze                Ice            100%       1d11      1%          1
b - Frozen Ramparts       Ice            54%        1d7       3%          3
c - Ozocubu's Armour      Ice            27%        N/A       3%          3
d - Foxfire               Conj/Fire      100%       2x1d9     1%          1
e - Flame Wave            Conj/Fire      27%        2d7       11%         4

Your spell library contained the following spells:

 Spells                   Type           Power      Damage    Failure   Level
 Conjure Flame            Conj/Fire      27%        6-21      3%          3
 Hailstorm                Conj/Ice       27%        3d7       11%         4
 Inner Flame              Hex/Fire       15%        N/A       12%         3
 Lightning Bolt           Conj/Air       7%         1d20      71%         5
 Airstrike                Air            1%         N/A       80%         4
 Olgreb's Toxic Radiance  Pois           3%         N/A       80%         4
 Summon Lightning Spire   Summ/Air       3%         N/A       80%         4
 Ozocubu's Refrigeration  Ice            13%        4d7       100%        7
 Ignition                 Fire           13%        3d6       100%        8


Dungeon Overview and Level Annotations

Branches:
Dungeon (6/15)             Temple (1/1) D:4           Sewer (visited)

Altars:
Ashenzari
Cheibriados
Dithmenos
Elyvilon
Fedhas
Gozag
Hepliaklqana
Kikubaaqudgha
Makhleb
Nemelex Xobeh
Okawaru
Qazlal
Sif Muna
Trog
Wu Jian
Xom
Zin

Shops:
D:2 *


Innate Abilities, Weirdness & Mutations

You are amphibious.
You cover ground slowly.
You can hop short distances.
You have an extended range of vision and can be seen from far away.


Message History

The wall freezes the steam dragon!
The steam dragon breathes steam at you. The ball of steam hits you!
* * * LOW HITPOINT WARNING * * *
Unknown command.
It was a potion of ambrosia.
You are confused.
You feel invigorated.
The wall freezes the steam dragon.
The steam dragon barely misses you. The steam dragon claws you.
* * * LOW HITPOINT WARNING * * *
It was a potion of heal wounds.
You feel much better.
The wall freezes the steam dragon.
The steam dragon closely misses you.
The steam dragon claws you but does no damage.
Okay, then.
The wall freezes the steam dragon.
The wall freezes the steam dragon!
The steam dragon bites you. The steam dragon barely misses you.
The wall freezes the steam dragon.
The steam dragon closely misses you. The steam dragon claws you.
The wall freezes the steam dragon.
The steam dragon breathes steam at you. The ball of steam hits you!
You are engulfed in a cloud of scalding steam.
The wall freezes the steam dragon. x2
The steam dragon breathes steam at you. The ball of steam hits you!
* * * LOW HITPOINT WARNING * * *
The wall freezes the steam dragon!
You kill the steam dragon!
Cheibriados thoroughly appreciates the change of pace.
The steam dragon scales are intact enough to wear.
Your Armour skill increases to level 2!
Your Dodging skill increases to level 3!
It was a potion of flight.
You feel very buoyant.
You fly up into the air.
You are engulfed in a cloud of scalding steam.
* * * LOW HITPOINT WARNING * * *
The wall freezes the steam dragon.
The steam dragon breathes steam at you. The ball of steam hits you!!
You die...

..# #..## ..##
#..# ...#### #..#
##....# #..#
####..# .# #..#
......# .... ###.#
......##≈....#.#.#
.......#≈.⌠....[D#
.......#≈≈...#D§@#
.......##≈≈ ###.#
........## ..#
.........# #...
........## #...
.......## #....
...##### ####.
#...# .# .#......
.#


You could see 2 steam dragons.

Vanquished Creatures
  A steam dragon (D:6)
  Edmund (D:5)
  A sky beast (D:5)
  A phantom (D:5)
  4 kobold brigands (Sewer)
  A bullfrog (D:6)
  A scorpion (D:4)
  A water moccasin zombie (D:6)
  A jelly (D:5)
  2 hounds
  A bullfrog skeleton (D:5)
  An orc wizard (D:5)
  11 adders
  A river rat (Sewer)
  A shadow imp (D:6)
  An ufetubus (D:6)
  3 worms
  4 orcs
  10 ball pythons
  7 bats
  14 endoplasms
  A giant cockroach (D:3)
  8 goblins
  9 hobgoblins
  5 jackals
  3 quokkas
  3 frilled lizards
  9 kobolds
  12 rats
118 creatures vanquished.

Vanquished Creatures (others)
  26 foxfires
26 creatures vanquished.

Grand Total: 144 creatures vanquished

Notes
Turn   | Place    | Note
-------+----------+-------------------------------------------
     0 | D:1      | bnorton916 the Barachi Ice Elementalist began the quest for
                  | the Orb.
     0 | D:1      | Reached XP level 1. HP: 13/13 MP: 3/3
   146 | D:1      | Reached skill level 5 in Ice Magic
   292 | D:1      | Reached XP level 2. HP: 16/19 MP: 0/5
   908 | D:1      | Noticed a floating eye
   910 | D:1      | Noticed a floating eye
   913 | D:1      | Found a faded altar of an unknown god.
   913 | D:1      | Noticed a shining eye
   915 | D:1      | Noticed a floating eye
  1421 | D:1      | Reached XP level 3. HP: 13/24 MP: 0/7
  1810 | D:2      | Learned a level 3 spell: Frozen Ramparts
  1814 | D:2      | Learned a level 3 spell: Ozocubu's Armour
  2147 | D:2      | Reached XP level 4. HP: 30/30 MP: 6/9
  2237 | D:2      | Found Byxt's General Store.
  2246 | D:2      | Bought a scroll of teleportation for 33 gold pieces
  2669 | D:3      | Identified a scroll of acquirement
  2669 | D:3      | Acquired the Unrestrained Analects
  2872 | D:3      | Found a glowing drain.
  2939 | Sewer    | Entered a sewer
  2954 | Sewer    | Reached XP level 5. HP: 35/35 MP: 1/10
  3232 | Sewer    | Learned a level 1 spell: Foxfire
  3443 | Sewer    | Reached skill level 1 in Conjurations
  3690 | Sewer    | Reached skill level 1 in Fire Magic
  3765 | Sewer    | Noticed a kobold brigand
  3771 | Sewer    | Killed a kobold brigand
  3772 | Sewer    | Reached XP level 6. HP: 41/41 MP: 4/11
  4304 | D:3      | Reached XP level 7. HP: 45/46 MP: 4/12
  4631 | D:4      | Found a bloodstained altar of Trog.
  4648 | D:4      | Found a staircase to the Ecumenical Temple.
  4700 | Temple   | Entered the Ecumenical Temple
  4980 | Temple   | Became a worshipper of Cheibriados the Contemplative
  5640 | D:5      | Entered Level 5 of the Dungeon
  5727 | D:5      | Learned a level 4 spell: Flame Wave
  5766 | D:5      | Reached * piety under Cheibriados
  5800 | D:5      | Noticed Edmund
  5816 | D:5      | Killed Edmund
  5817 | D:5      | Reached skill level 5 in Conjurations
  5817 | D:5      | Reached skill level 5 in Fire Magic
  6641 | D:5      | Reached XP level 8. HP: 52/52 MP: 9/13
  6849 | D:5      | Found an iron altar of Okawaru.
  6849 | D:5      | Found a white marble altar of Elyvilon.
  7345 | D:6      | Reached skill level 1 in Armour
  7720 | D:6      | Killed from afar by a steam dragon

Illustrated notes

Levels and vault maps discovered:
D:1:      mrwooster_arrival_statue_3, layout_basic,
          hellmonk_ecumenical_altar_watching_god
D:2:      layout_basic, serial_shops, shop
D:3:      layout_basic, gup_sewer_entry_glass
D:4:      layout_basic, nicolae_overflow_crystal_walls,
          minmay_temple_entry_trees, serial_glass, glass_columns_c,
          glass_columns_a
D:5:      layout_basic, gammafunk_temple_overflow_elements, uniq_edmund
D:6:      cheibrodos_steamvent, layout_rooms,
          mainiacjoe_overflow_surrounded_room
Temple:   minmay_temple_curvy_branch

Skill      XL: |  1  2  3  4  5  6  7  8 |
---------------+-------------------------+-----
Ice Magic      | 5 6 |  6.2
Spellcasting   | 3 |  3.9
Conjurations   | 2 3 5 6 |  6.2
Fire Magic     | 2 3 5 6 |  6.2
Armour         | 2 |  2.1
Dodging        | 3 |  3.0
Stealth        | |  1.7

Action                   |  1- 3 |  4- 6 |  7- 9 || total
-------------------------+-------+-------+-------++-------
Melee: Long sword        |    29 |    27 |    22 ||    78
       Unarmed           |     1 |       |       ||     1
       Punch             |       |     2 |     1 ||     3
Throw: Dart              |    10 |    24 |    10 ||    44
       Stone             |     1 |     3 |     2 ||     6
 Cast: Freeze            |    49 |    22 |     8 ||    79
       Frozen Ramparts   |       |    15 |    21 ||    36
       Ozocubu's Armour  |       |     2 |     2 ||     4
       Foxfire           |       |       |    13 ||    13
       Flame Wave        |       |       |     1 ||     1
  Use: Scroll            |       |     8 |     5 ||    13
       Potion            |       |       |     3 ||     3
 Stab: Sleeping          |     2 |       |       ||     2
Armor: Robe              |    18 |     7 |    17 ||    42
Dodge: Dodged            |    48 |    54 |    40 ||   142
Block: Other             |       |    10 |    15 ||    25
